cohdb
Replays
Latest Replays
All Replays
Popular Replays
Top Player Replays
Match Explorer
How It Works
Community
CoH3 Stats
Reddit
Sign in to upload your games and track your stats! →
Sign in with Steam
Match 39120964
Unlisted
Match 39120964
Overview
Messages
Build Orders
End
Construct Barracks
Riflemen Squad
1⁄4-ton 4x4 Truck
Selects Armored Battlegroup
Selects Veteran Crews
Riflemen Squad
Riflemen Squad
Grenade Package
Construct Medical Station
Mechanized Support Center
Construct Weapon Support Center
Selects Fast Deploy
Selects M31 Recovery Vehicle
M3 75 mm Gun Motor Carriage
Designate Forward Repair Station
Bazooka Squad
M1918 Browning Automatic Rifles
Riflemen Squad
Construct Motor Pool
M1 Anti-tank Gun Team
M1 Anti-tank Gun Team
M1 Anti-tank Gun Team
Bruistablet
孤冰月
BROKEN
C.R575
0
0
Comments
sign in to comment!
No comments posted yet!